 Dungeon Crawl Stone Soup version 0.23.2-40-g277498a001 (webtiles) character file.

Game seed: 12562863929028918344

543 Kikorro the Spear-Bearer (level 7, -13/53 HPs)
             Began as a Merfolk Gladiator on Sept 9, 2019.
             Killed by divine providence
             ... invoked by an orc priest
              (17 damage)
             ... on level 4 of the Dungeon.
             The game lasted 00:12:37 (3976 turns).

Kikorro the Spear-Bearer (Merfolk Gladiator)        Turns: 3976, Time: 00:12:38

Health: -13/53     AC: 11    Str: 13 (16) XL:     7   Next: 27%
Magic:  7/7        EV:  9    Int:  7 (8)  God:
Gold:   167        SH:  0    Dex: 14 (15) Spells: 6/6 levels left

rFire    . . .     SeeInvis .   a - +1 trident
rCold    . . .     Gourm    .   (no shield)
rNeg     . . .     Faith    .   k - +0 chain mail
rPois    .         Spirit   .   o - +1 helmet
rElec    .         Reflect  .   (no cloak)
rCorr    .         Harm     .   e - +0 pair of gloves
MR       .....                  (boots currently unavailable)
Stlth    ..........             (no amulet)
HPRegen  0.17/turn              m - ring of wizardry
MPRegen  0.10/turn              (no ring)

@: very quick
A: change form in water, swift swim, stealthy swim
a: no special abilities


You were on level 4 of the Dungeon.
You were not hungry.

You visited 1 branch of the dungeon, and saw 4 of its levels.
You also visited: Sewer.

You collected 167 gold pieces.

Inventory:

Hand Weapons
 a - a +1 trident (weapon)
Missiles
 d - 3 throwing nets (quivered)
Armour
 e - a +0 pair of gloves (worn)
 k - a +0 chain mail (worn)
 o - a +1 helmet (worn)
Jewellery
 m - a ring of wizardry (left hand)
Wands
 n - a wand of clouds (5)
Scrolls
 h - 6 scrolls of remove curse {unknown}
 j - 3 scrolls of fear
 p - 3 scrolls of blinking
Potions
 g - a potion of invisibility {unknown}
 i - a potion of curing {unknown}
 l - 2 potions of might
 q - a potion of heal wounds {unknown}
 r - a potion of lignification {unknown}
 t - a potion of flight {unknown}
Comestibles
 b - 7 chunks of flesh
 f - 7 rations


   Skills:
 + Level 3.7 Fighting
 + Level 8.8 Polearms
 + Level 2.1 Throwing
 + Level 2.0 Armour
 + Level 5.2 Dodging
 + Level 2.0 Stealth


You had 6 spell levels left.
You didn't know any spells.
Your spell library was empty.

Dungeon Overview and Level Annotations

Branches:
Dungeon (4/15)             Temple (0/1) D:4

Altars:
Elyvilon
Hepliaklqana
Nemelex Xobeh
Wu Jian
Xom
Zin

Shops:
D:2 *


Message History

You puncture the ogre!
You kill the ogre!
You hear a splash.
Your Armour skill increases to level 2!
You hit the orc.
The orc is moderately wounded.
You puncture the orc!
You kill the orc!
It was a potion of degeneration.
There was something very wrong with that liquid.
You feel weakened.
You feel dopey.
You feel clumsy.
The orc wizard mumbles some strange words.
The orc wizard blinks!
You hit the orc priest.
The orc priest is lightly wounded.
You hit the orc priest.
The orc priest is lightly wounded.
The orc priest invokes the aid of Beogh against you.
Beogh smites you!
You die...

#......# #..###.# #o##
#.# #§# #S# #≈# #.# #≈#
#o# #≈# #?# #o# #O#
#@#**#o#
#.#..#.###########
#≈#>......o.O.....
###..#.######o(...
*******#......,.........
*,,,,,,#..##.#*####.....
*,,,,,,#..*#.#****#.....
*,,,,,,#.,*#..,,,*#.....
*,,,,,,#.,*###**,*#.....


You could see an orc priest and an orc wizard.

Vanquished Creatures
  Purgy (Sewer)
  2 ogres (D:4)
  An orc priest (D:3)
  An orc wizard (D:4)
  A worker ant (D:4)
  9 adders
  3 leopard geckos
  5 orcs
  A ball python (D:3)
  7 bats
  10 giant cockroaches
  15 goblins
  15 hobgoblins
  7 jackals (D:2)
  3 quokkas
  2 frilled lizards (D:1)
  12 kobolds
  11 rats
106 creatures vanquished.

Vanquished Creatures (others)
  A ball python (D:4)
1 creature vanquished.

Grand Total: 107 creatures vanquished

Notes
Turn   | Place    | Note
-------+----------+-------------------------------------------
     0 | D:1      | Kikorro the Merfolk Gladiator began the quest for the Orb.
     0 | D:1      | Reached XP level 1. HP: 16/16 MP: 1/1
   105 | D:1      | Reached XP level 2. HP: 21/22 MP: 2/2
   300 | D:1      | Reached skill level 5 in Polearms
   465 | D:1      | Reached XP level 3. HP: 27/27 MP: 3/3
  1058 | D:2      | Found a faded altar of an unknown god.
  1084 | D:2      | Found Zin's Purification Station.
  1102 | D:2      | Found a glowing silver altar of Zin.
  1210 | D:2      | Found an ornate altar of the Wu Jian Council.
  1323 | D:2      | Reached skill level 1 in Stealth
  1323 | D:2      | Reached XP level 4. HP: 34/34 MP: 4/4
  1381 | D:2      | Reached skill level 6 in Polearms
  1677 | D:2      | Found a sparkling altar of Nemelex Xobeh.
  2167 | D:2      | Found a white marble altar of Elyvilon.
  2509 | D:3      | Reached XP level 5. HP: 39/39 MP: 5/5
  2757 | D:3      | Reached skill level 1 in Armour
  3011 | D:3      | Found a hazy altar of Hepliaklqana.
  3012 | D:3      | Found a shimmering altar of Xom.
  3013 | D:3      | Noticed a spectral ugly thing
  3080 | D:3      | Reached skill level 7 in Polearms
  3080 | D:3      | Reached skill level 5 in Dodging
  3380 | D:4      | Noticed an ogre
  3390 | D:4      | Killed an ogre
  3390 | D:4      | Reached XP level 6. HP: 28/47 MP: 6/6
  3624 | D:4      | Found a glowing drain.
  3637 | Sewer    | Entered a sewer
  3729 | Sewer    | Noticed Purgy
  3796 | Sewer    | Killed Purgy
  3796 | Sewer    | Reached skill level 8 in Polearms
  3914 | Sewer    | Reached XP level 7. HP: 45/52 MP: 7/7
  3976 | D:4      | Killed from afar by an orc priest

Skill      XL: |  1  2  3  4  5  6  7 |
---------------+----------------------+-----
Polearms       | 5 6 7 8 |  8.8
Stealth        | 1 2 |  2.0
Armour         | 1 2 |  2.0
Dodging        | 5 |  5.2
Fighting       | 3 |  3.7
Throwing       | |  2.1

Action                   |  1- 3 |  4- 6 |  7- 9 || total
-------------------------+-------+-------+-------++-------
Melee: Trident           |   109 |   255 |    16 ||   380
       Tailslap          |       |     2 |     2 ||     4
  Use: Scroll            |     2 |     7 |       ||     9
       Potion            |       |       |     1 ||     1
 Stab: Sleeping          |     3 |     3 |       ||     6
  Eat: Chunk             |     1 |     9 |       ||    10
Armor: Leather armour    |    17 |    26 |       ||    43
       Chain mail        |       |    97 |     3 ||   100
Dodge: Dodged            |    62 |   124 |     3 ||   189
